 Dungeon Crawl Stone Soup version 0.28.0-43-g3370ac3207 (webtiles) character file.

Game seed: 9948558567663663465

1311 DearestLeader the Slinger (level 8, -1/71 HPs)
             Began as a Gnoll Wanderer on Mar 7, 2022.
             Was a Believer of Okawaru.
             Slain by a steam dragon (3 damage)
             ... on level 6 of the Dungeon.
             The game lasted 00:07:01 (3448 turns).

DearestLeader the Slinger (Gnoll Wanderer)          Turns: 3448, Time: 00:07:02

Health: -1/71      AC:  6    Str: 13    XL:     8   Next: 58%
Magic:  13/13      EV: 11    Int: 11    God:    Okawaru [**....]
Gold:   206        SH:  0    Dex: 15    Spells: 13/13 levels left

rFire   . . .      SeeInvis .   o - +10 mace "Embalmer" {spect, Str+2}
rCold   . . .      Faith    .   (no shield)
rNeg    . . .      Spirit   .   p - +0 ring mail
rPois   .          Reflect  .   (no helmet)
rElec   .          Harm     .   (no cloak)
rCorr   .          Rampage  .   g - +0 pair of gloves
Will    +....                   (no boots)
Stlth   ++........              l - amulet of regeneration
HPRegen 1.01/turn               s - ring of willpower
MPRegen 0.13/turn               (no ring)

@: no status effects
A: fangs 1, strong nose, distributed training
a: Renounce Religion, Heroism


You were on level 6 of the Dungeon.
You worshipped Okawaru.
Okawaru was pleased with you.
You visited 2 branches of the dungeon, and saw 7 of its levels.

You collected 206 gold pieces.

Inventory:

Hand Weapons
 a - a +4 hunting sling
 o - the +10 mace "Embalmer" (weapon) {spect, Str+2}
   (You found it on level 3 of the Dungeon)

   When its wielder attacks, the weapon's spirit leaps out and strikes again.
   The spirit shares a part of any damage it takes with its wielder.
   Str:       It affects your strength (+2).
Missiles
 b - 10 sling bullets
 e - 176 stones (quivered)
 y - 2 throwing nets
Armour
 d - a +0 robe
 g - a +0 pair of gloves (worn)
 p - a +0 ring mail (worn)
Magical Staves
 j - a staff of poison
Jewellery
 l - an amulet of regeneration (around neck)
 s - a ring of willpower (left hand)
 w - a ring of flight
 z - an amulet of guardian spirit
Wands
 c - a wand of acid (9)
 x - a wand of digging (5)
Scrolls
 f - a scroll of vulnerability {unknown}
 k - 2 scrolls of enchant armour
 m - 2 scrolls of blinking
 r - a scroll of immolation {unknown}
 t - a scroll of amnesia {unknown}
 u - a scroll of fog {unknown}
Potions
 h - 3 potions of mutation
 i - a potion of lignification
 n - a potion of degeneration {unknown}
 q - a potion of might
 v - 2 potions of attraction {unknown}


   Skills:
 + Level 9.2 Fighting
 + Level 3.4 Short Blades
 + Level 4.3 Long Blades
 + Level 3.4 Axes
 + Level 3.4 Maces & Flails
 + Level 3.4 Polearms
 + Level 3.4 Staves
 + Level 11.0 Slings
 + Level 3.4 Bows
 + Level 3.4 Crossbows
 + Level 3.4 Throwing
 + Level 3.4 Armour
 + Level 3.4 Dodging
 + Level 3.4 Stealth
 + Level 3.4 Shields
 + Level 3.4 Unarmed Combat
 + Level 3.4 Spellcasting
 + Level 2.7 Conjurations
 + Level 2.7 Hexes
 + Level 2.7 Summonings
 + Level 2.7 Necromancy
 + Level 2.7 Translocations
 + Level 2.7 Transmutations
 + Level 2.7 Fire Magic
 + Level 2.7 Ice Magic
 + Level 2.7 Air Magic
 + Level 2.7 Earth Magic
 + Level 2.7 Poison Magic
 + Level 3.7 Invocations
 + Level 3.4 Evocations


You had 13 spell levels left.
You didn't know any spells.
Your spell library contained the following spells:

 Spells                   Type           Power      Damage    Failure   Level
 Foxfire                  Conj/Fire      32%        2x1d5     17%         1
 Freeze                   Ice            32%        1d5       17%         1
 Corpse Rot               Necr/Air       16%        N/A       26%         2
 Conjure Flame            Conj/Fire      8%         6-21      45%         3
 Frozen Ramparts          Ice            16%        1d3       45%         3
 Ignite Poison            Fire/Tmut/Pois 8%         N/A       45%         3
 Inner Flame              Hex/Fire       8%         N/A       45%         3
 Dispel Undead            Necr           8%         3d8       86%         4
 Flame Wave               Conj/Fire      8%         2d5       86%         4
 Hailstorm                Conj/Ice       8%         3d4       86%         4
 Sticky Flame             Conj/Fire      8%         2d3       86%         4
 Fireball                 Conj/Fire      4%         3d4       99%         5
 Starburst                Conj/Fire      4%         6d3       100%        6
 Ignition                 Fire           4%         3d4       100%        8
 Death Channel            Necr           Unusable   N/A       N/A         6

Dungeon Overview and Level Annotations

Branches:
Dungeon (6/15)             Temple (1/1) D:4

Altars:
Ashenzari
Elyvilon
Fedhas
Kikubaaqudgha
Makhleb
Nemelex Xobeh
Okawaru
Qazlal
Ru
Sif Muna
Trog
Vehumet
Wu Jian
Xom
Yredelemnul
Zin
The Shining One

Shops:
D:4 *


Innate Abilities, Weirdness & Mutations

You have very sharp teeth.
Your uncanny sense of smell can sniff out nearby items.
Your experience applies equally to all skills.


Message History

The steam dragon hisses angrily.
The sling bullet hits the steam dragon.
The steam dragon is lightly wounded.
The steam dragon breathes steam at you. The ball of steam hits you!
No target in view!
You shoot a sling bullet. The sling bullet hits the steam dragon.
The steam dragon is lightly wounded.
You are engulfed in a cloud of scalding steam.
The steam dragon breathes steam at you. The ball of steam hits you!!
You feel stronger.
You feel a bond with the +10 mace "Embalmer" {spect, Str+2}.
o - the +10 mace "Embalmer" (weapon)
{spect, Str+2} You are engulfed in a cloud of scalding steam.
You thump the steam dragon!
The steam dragon is severely wounded.
You are engulfed in a cloud of scalding steam.
The steam dragon bites you but does no damage.
The steam dragon closely misses you.
You hit the steam dragon.
The steam dragon is severely wounded.
You are engulfed in a cloud of scalding steam.
The steam dragon bites you but does no damage.
The steam dragon claws you.
You barely miss the steam dragon. Your bite misses the steam dragon.
The steam dragon is severely wounded.
You are engulfed in a cloud of scalding steam.
* * * LOW HITPOINT WARNING * * *
The steam dragon breathes steam at you. The ball of steam hits you!
* * * LOW HITPOINT WARNING * * *
You closely miss the steam dragon.
The steam dragon is severely wounded.
The steam dragon bites you.
* * * LOW HITPOINT WARNING * * *
The steam dragon claws you.
* * * LOW HITPOINT WARNING * * *
The steam dragon bites you.
You die...

∆ .. #.
#.
##.####
.. ..#
#. #.#
#.##.###
#§@D.<.#
####.#.#
#(#.# .#
#(#.# .#
..#.# .#
######.#
.#
#......#
.#
#.######
.# #.#


You could see a steam dragon (catching breath).

Vanquished Creatures
  Menkaure (D:6)
  An orc warrior (D:6)
  A centaur (D:4)
  A kobold brigand (D:5)
  7 scorpions
  2 water moccasin skeletons
  An electric eel (D:6)
  A bullfrog zombie (D:4)
  A hound (D:6)
  2 jellies
  An orc priest (D:3)
  A bullfrog skeleton (D:6)
  3 iguanas (D:5)
  2 orc wizards
  3 adders
  3 worms
  A dart slug (D:3)
  9 orcs
  3 bats (D:3)
  2 endoplasms (D:4)
  A giant cockroach (D:4)
  2 goblins
  5 hobgoblins
  6 ball pythons
  5 frilled lizards (D:3)
  10 kobolds
  4 rats
79 creatures vanquished.

Vanquished Creatures (others)
  6 plants (D:3)
6 creatures vanquished.

Grand Total: 85 creatures vanquished

Notes
Turn   | Place    | Note
-------+----------+-------------------------------------------
     0 | D:1      | Reached skill level 10 in Slings
     0 | D:1      | DearestLeader the Gnoll Wanderer began the quest for the
                  | Orb.
     0 | D:1      | DearestLeader set off with the following items: a +3
                  | hunting sling, 17 sling bullets, a +0 falchion, a +0 robe
     0 | D:1      | Reached XP level 1. HP: 26/26 MP: 1/1
   446 | D:1      | Reached XP level 2. HP: 33/33 MP: 2/2
   514 | D:2      | You fall into a shaft and drop 2 floors!
   514 | D:4      | Found Moegrur's Elemental Accessories.
   595 | D:3      | Identified the +10 mace "Embalmer" {spect, Str+2}
   630 | D:3      | Reached skill level 1 in Invocations
   630 | D:3      | Reached XP level 3. HP: 37/38 MP: 2/4
   685 | D:3      | Noticed a scorpion
   695 | D:3      | Killed a scorpion
   696 | D:3      | Reached skill level 1 in Short Blades
   696 | D:3      | Reached skill level 1 in Axes
   696 | D:3      | Reached skill level 1 in Maces & Flails
   696 | D:3      | Reached skill level 1 in Polearms
   696 | D:3      | Reached skill level 1 in Staves
   696 | D:3      | Reached skill level 1 in Bows
   696 | D:3      | Reached skill level 1 in Crossbows
   696 | D:3      | Reached skill level 1 in Throwing
   696 | D:3      | Reached skill level 1 in Armour
   696 | D:3      | Reached skill level 1 in Dodging
   696 | D:3      | Reached skill level 1 in Stealth
   696 | D:3      | Reached skill level 1 in Shields
   696 | D:3      | Reached skill level 1 in Unarmed Combat
   696 | D:3      | Reached skill level 1 in Spellcasting
   696 | D:3      | Reached skill level 1 in Conjurations
   696 | D:3      | Reached skill level 1 in Hexes
   696 | D:3      | Reached skill level 1 in Summonings
   696 | D:3      | Reached skill level 1 in Necromancy
   696 | D:3      | Reached skill level 1 in Translocations
   696 | D:3      | Reached skill level 1 in Transmutations
   696 | D:3      | Reached skill level 1 in Fire Magic
   696 | D:3      | Reached skill level 1 in Ice Magic
   696 | D:3      | Reached skill level 1 in Air Magic
   696 | D:3      | Reached skill level 1 in Earth Magic
   696 | D:3      | Reached skill level 1 in Poison Magic
   696 | D:3      | Reached skill level 1 in Evocations
   696 | D:3      | Reached XP level 4. HP: 45/45 MP: 5/5
   786 | D:3      | Reached XP level 5. HP: 51/51 MP: 6/6
   940 | D:3      | Found a sacrificial altar of Ru.
  1359 | D:4      | Found a staircase to the Ecumenical Temple.
  1420 | Temple   | Entered the Ecumenical Temple
  1470 | Temple   | Became a worshipper of Warmaster Okawaru
  1584 | D:4      | Reached XP level 6. HP: 57/57 MP: 8/8
  1711 | D:4      | Reached * piety under Okawaru
  2159 | D:5      | Entered Level 5 of the Dungeon
  2255 | D:5      | Reached XP level 7. HP: 54/63 MP: 10/10
  2328 | D:6      | Noticed Menkaure
  2758 | D:5      | Found a broken altar of Ashenzari.
  2776 | D:5      | Found a radiant altar of Vehumet.
  2784 | D:5      | Found a blossoming altar of Fedhas.
  2789 | D:5      | Found a bloodstained altar of Trog.
  2800 | D:5      | Found a shimmering altar of Xom.
  2808 | D:5      | Found a white marble altar of Elyvilon.
  2820 | D:5      | Found an ancient bone altar of Kikubaaqudgha.
  2826 | D:5      | Reached XP level 8. HP: 57/71 MP: 12/12
  2935 | D:5      | Reached ** piety under Okawaru
  3014 | D:6      | Killed Menkaure
  3317 | D:6      | Reached skill level 11 in Slings
  3448 | D:6      | HP: 2/71 [steam dragon (5)]
  3448 | D:6      | Slain by a steam dragon

Illustrated notes

Levels and vault maps discovered:
D:1:      mrwooster_arrival_arrow, layout_basic, hangedman_decor_clover_reticule
D:2:      layout_basic
D:3:      corexii_shack_village, layout_rooms, mainiacjoe_overflow_24_doors,
          lexackson_kobold_supper
D:4:      nicolae_cairo_tiling_very_big, layout_loops_ring,
          minmay_temple_entry_large_hall, nicolae_elemental_shop
D:5:      layout_gridville, grunt_temple_overflow_octagram
D:6:      layout_loops_ring, kennysheep_potato, uniq_menkaure
Temple:   compressed_dpeg_triangle_lava_temple

Skill      XL: |  1  2  3  4  5  6  7  8 |
---------------+-------------------------+-----
Slings         | 11 | 11.0
Invocations    | 1 2 3 |  3.7
Short Blades   | 1 2 3 |  3.4
Axes           | 1 2 3 |  3.4
Maces & Flails | 1 2 3 |  3.4
Polearms       | 1 2 3 |  3.4
Staves         | 1 2 3 |  3.4
Bows           | 1 2 3 |  3.4
Crossbows      | 1 2 3 |  3.4
Throwing       | 1 2 3 |  3.4
Armour         | 1 2 3 |  3.4
Dodging        | 1 2 3 |  3.4
Stealth        | 1 2 3 |  3.4
Shields        | 1 2 3 |  3.4
Unarmed Combat | 1 2 3 |  3.4
Spellcasting   | 1 2 3 |  3.4
Conjurations   | 1 2 |  2.7
Hexes          | 1 2 |  2.7
Summonings     | 1 2 |  2.7
Necromancy     | 1 2 |  2.7
Translocations | 1 2 |  2.7
Transmutations | 1 2 |  2.7
Fire Magic     | 1 2 |  2.7
Ice Magic      | 1 2 |  2.7
Air Magic      | 1 2 |  2.7
Earth Magic    | 1 2 |  2.7
Poison Magic   | 1 2 |  2.7
Evocations     | 1 2 3 |  3.4
Long Blades    | 3 4 |  4.3
Fighting       | 9 |  9.2

Action                   |  1- 3 |  4- 6 |  7- 9 || total
-------------------------+-------+-------+-------++-------
Melee: Mace              |    12 |    55 |    36 ||   103
       Bite              |     3 |     2 |     6 ||    11
       Punch             |       |       |     1 ||     1
 Fire: Hunting sling     |    26 |     3 |    27 ||    56
  Use: Scroll            |       |     4 |     3 ||     7
 Stab: Sleeping          |       |     3 |     1 ||     4
       Distracted        |       |       |     2 ||     2
Armor: Robe              |     4 |    11 |       ||    15
       Ring mail         |       |     5 |     8 ||    13
Dodge: Dodged            |    11 |    26 |    17 ||    54
